 Dungeon Crawl Stone Soup version 0.28.0-53-g5a82cb258f (webtiles) character file.

Game seed: 15481977641881300691

242 MordorOrchid the Conjurer (level 6, 0/39 HPs)
             Began as an Octopode Conjurer on July 4, 2022.
             Slain by a kobold brigand
             ... wielding a +0 dagger
              (6 damage)
             ... in a sewer.
             The game lasted 00:12:16 (3608 turns).

MordorOrchid the Conjurer (Octopode Conjurer)       Turns: 3608, Time: 00:12:17

Health: 0/39       AC:  1    Str:  6    XL:     6   Next: 9%
Magic:  11/11      EV: 13    Int: 23    God:
Gold:   71         SH:  0    Dex: 10    Spells: 1/11 levels left

rFire   . . .      SeeInvis .   c - +0 short sword
rCold   . . .      Faith    .   (no shield)
rNeg    . . .      Spirit   .   (helmet restricted)
rPois   .          Reflect  .   (no amulet)
rElec   .          Harm     .   (no ring)
rCorr   .          Rampage  .   (no ring)
Will    .....                   (no ring)
Stlth   +++.......              (no ring)
HPRegen 0.13/turn               (no ring)
MPRegen 0.12/turn               (no ring)
                                (no ring)
                                (no ring)

@: mighty
A: almost no armour, amphibious, 8 rings, camouflage 1, gelatinous body 1,
(nimble swimmer 1), tentacles
a: no special abilities


You were in a sewer.
You visited 1 branch of the dungeon, and saw 4 of its levels.
You also visited: Sewer.

You collected 181 gold pieces.
You spent 110 gold pieces at shops.

Inventory:

Hand Weapons
 c - a +0 short sword (weapon)
 i - a +4 whip
Missiles
 h - 22 sling bullets
 j - 25 bolts
 l - 39 arrows
 m - 2 atropa-tipped darts
 u - 2 poisoned darts
Wands
 q - a wand of iceblast (4)
Scrolls
 a - 3 scrolls of teleportation
 b - a scroll of noise {unknown}
 d - a scroll of fear {unknown}
 e - a scroll of blinking {unknown}
 v - a scroll of identify {unknown}
Potions
 f - a potion of curing
 g - a potion of flight {unknown}
 k - 2 potions of lignification {unknown}
 n - a potion of cancellation {unknown}
 o - 2 potions of might
 p - 2 potions of heal wounds {unknown}
 r - a potion of brilliance {unknown}
 s - a potion of haste {unknown}
 t - a potion of resistance {unknown}


   Skills:
 * Level 1.7 Fighting
 * Level 2.6 Dodging
 - Level 2.6 Stealth
 * Level 3.3 Spellcasting
 + Level 5.4 Conjurations
 * Level 1.2 Hexes
 * Level 0.7 Evocations


You had one spell level left.
You knew the following spells:

 Your Spells              Type           Power      Damage    Failure   Level
a - Magic Dart            Conj           100%       1d8       1%          1
b - Searing Ray           Conj           56%        2d6       1%          2
c - Dazzling Flash        Conj/Hex       38%        N/A       9%          3
d - Fulminant Prism       Conj/Hex       9%         3d7       28%         4

Your spell library contained the following spells:

 Spells                   Type           Power      Damage    Failure   Level
 Iskenderun's Mystic Bla  Conj/Tloc      16%        2d5       36%         4


Dungeon Overview and Level Annotations

Branches:
Dungeon (4/15)              Sewer (1/1)
 Temple: D:4-7

Altars:
Ashenzari

Shops:
D:3 !


Innate Abilities, Weirdness & Mutations

You cannot wear most types of armour.
You are amphibious.
You can wear up to eight rings at the same time.
Your skin changes colour to match your surroundings (Stealth+).
Your rubbery body absorbs attacks. (AC +1, EV +1)
((You are camouflaged when in or above water. (Stealth+)))
You have tentacles for arms and can constrict up to eight enemies at once.


Message History

The kobold closely misses you. The kobold completely misses you.
You hit the kobold but do no damage. You grab the kobold.
You squeeze the kobold, but do no damage.
The kobold is severely wounded.
You constrict the kobold.
You kill the kobold!
You constrict the kobold.
You kill the kobold!
The kobold hits you with a +0 dagger.
You barely miss the kobold. Your grab misses the kobold.
Your squeeze misses the kobold. The kobold hits you with a +0 dagger.
The kobold brigand barely misses you.
Unknown command.
You feel very mighty all of a sudden.
The kobold brigand throws a poisoned dart.
The poisoned dart misses you.
You closely miss the kobold. Your grab misses the kobold.
The kobold misses you.
You puncture the kobold brigand! You grab the kobold brigand.
You squeeze the kobold brigand.
The kobold brigand is heavily wounded.
You constrict the kobold brigand. The kobold hits you with a +0 dagger.
The kobold brigand hits you with a +0 dagger.
You hit the kobold.
You kill the kobold!
You constrict the kobold brigand, but do no damage.
The kobold brigand struggles to escape constriction.
You hit the kobold brigand.
The kobold brigand is severely wounded.
You constrict the kobold brigand. The kobold brigand barely misses you.
The kobold hits you with a +0 dagger.
The kobold brigand hits you with a +0 dagger!
You hit the kobold brigand. Your grab misses the kobold brigand.
The kobold brigand is lightly wounded.
You constrict the kobold brigand, but do no damage.
The kobold hits you with a +0 dagger.
The kobold brigand hits you with a +0 short sword!
* * * LOW HITPOINT WARNING * * *
The kobold brigand hits you with a +0 dagger.
You die...

#### ##..#####
....#...#
....#...##########
P........##P...K@#
†......P.......KK#
..P≈≈≈.......≈.P≈)....#
P≈≈≈≈≈P≈≈≈...≈≈≈≈'..∩.#
≈≈P≈≈≈≈P≈P.P.≈≈P≈#!.!.#
##≈≈≈≈##########≈######
≈≈≈≈≈≈≈≈ ≈≈≈≈
≈≈≈≈≈≈≈≈≈≈≈ ≈≈≈≈#
≈≈≈≈≈≈≈≈≈≈≈ ≈≈≈≈#


You could see 2 kobold brigands and a kobold.

Vanquished Creatures
  A kobold brigand (Sewer)
  An orc priest (D:3)
  3 adders
  3 river rats (D:4)
  A worm (D:3)
  A dart slug (D:4)
  10 orcs (D:3)
  8 ball pythons
  3 endoplasms
  6 giant cockroaches
  3 hobgoblins
  2 jackals (D:1)
  4 quokkas
  6 bats
  3 frilled lizards
  2 goblins
  10 kobolds
  13 rats
80 creatures vanquished.

Vanquished Creatures (others)
  115 plants
115 creatures vanquished.

Grand Total: 195 creatures vanquished

Notes
Turn   | Place    | Note
-------+----------+-------------------------------------------
     0 | D:1      | MordorOrchid the Octopode Conjurer began the quest for the
                  | Orb.
     0 | D:1      | Reached XP level 1. HP: 11/11 MP: 3/3
   336 | D:1      | Reached XP level 2. HP: 17/17 MP: 0/5
  1024 | D:2      | Found a faded altar of an unknown god.
  1028 | D:2      | Learned a level 2 spell: Searing Ray
  1062 | D:2      | Reached XP level 3. HP: 22/22 MP: 6/6
  1066 | D:2      | Learned a level 3 spell: Dazzling Flash
  1345 | D:3      | Reached skill level 1 in Fighting
  1626 | D:3      | Reached XP level 4. HP: 28/28 MP: 3/7
  1802 | D:3      | Found Zayvvakh's Distillery.
  1808 | D:3      | Bought a potion of curing for 30 gold pieces
  1808 | D:3      | Bought a potion of might for 40 gold pieces
  1808 | D:3      | Bought a potion of might for 40 gold pieces
  1973 | D:3      | Reached skill level 5 in Conjurations
  2218 | D:2      | Reached XP level 5. HP: 25/33 MP: 4/9
  2723 | D:4      | Found a broken altar of Ashenzari.
  3027 | D:4      | Found a glowing drain.
  3136 | Sewer    | Entered a sewer
  3206 | Sewer    | Learned a level 4 spell: Fulminant Prism
  3300 | Sewer    | Reached skill level 1 in Hexes
  3308 | Sewer    | Noticed a kobold brigand
  3354 | Sewer    | Killed a kobold brigand
  3355 | Sewer    | Reached XP level 6. HP: 13/39 MP: 0/11
  3608 | Sewer    | Slain by a kobold brigand

Illustrated notes

Levels and vault maps discovered:
D:1:      roderic_crop_circles_arrival_small, layout_loops_cross,
          minmay_heptomino_l4
D:2:      layout_basic, chequers_ecumenical_altar_simple
D:3:      wad_pebble_path, layout_rooms, serial_shops,
          nicolae_shop_hallway_plus, kennysheep_crisscross
D:4:      layout_basic, evilmike_ruin_ashenzari, portal_sewer_entry_e,
          gammafunk_ghost_necromancy
Sewer:    kennysheep_pipe_town

Skill      XL: |  1  2  3  4  5 |
---------------+----------------+-----
Fighting       | 1 |  1.7
Conjurations   | 5 |  5.4
Spellcasting   | 3 |  3.3
Hexes          | 1 |  1.2
Dodging        | |  2.6
Stealth        | |  2.6
Evocations     | |  0.7

Action                   |  1- 3 |  4- 6 || total
-------------------------+-------+-------++-------
Melee: Short sword       |    34 |    47 ||    81
       Tentacles         |    12 |     8 ||    20
       Constrict         |     8 |    15 ||    23
 Cast: Magic Dart        |    34 |    63 ||    97
       Searing Ray       |       |     6 ||     6
  Use: Scroll            |     1 |       ||     1
       Potion            |       |     3 ||     3
 Stab: Sleeping          |    14 |     3 ||    17
Armor: Skin              |     1 |     1 ||     2
Dodge: Dodged            |    12 |    38 ||    50
